 Dungeon Crawl Stone Soup version 0.23-a0-136-g722f094 (webtiles) character file.

7982 galech the Cleaver (level 11, -3/83 HPs)
             Began as a Demonspawn Berserker on Aug 28, 2018.
             Was a High Priest of Trog.
             Slain by an orc warlord
             ... wielding a +1 war axe of freezing
              (14 damage)
             ... on level 9 of the Dungeon.
             The game lasted 00:19:02 (9910 turns).

galech the Cleaver (Demonspawn Berserker)           Turns: 9910, Time: 00:19:03

Health: -3/83      AC: 24    Str: 17    XL:     11   Next: 3%
Magic:  0/11       EV:  4    Int: 10    God:    Trog [*****.]
Gold:   690        SH: 15    Dex: 15    Spells: 10/10 levels left

rFire    . . .     SeeInvis .   G - +0 war axe (flame)
rCold    . . .     Gourm    .   e - +0 large shield
rNeg     . . .     Faith    .   L - +3 plate armour
rPois    +         Spirit   +   w - +2 hat
rElec    .         Reflect  .   y - +0 cloak
rCorr    .         Harm     .   (no gloves)
MR       ++...                  f - +0 pair of boots {Fly}
Stlth    ..........             q - amulet of magic regeneration
HPRegen  1.23/turn              k - ring of poison resistance
MPRegen  0.49/turn              E - +1 ring of protection

@: about to teleport, berserk cooldown, starving, regenerating, slowed, very
slow
A: yellow scales 2, demonic guardian 1, magic shield, magic regeneration
a: Berserk, Trog's Hand, Brothers in Arms, Renounce Religion, Evoke Flight


You were on level 9 of the Dungeon.
You worshipped Trog.
Trog was extremely pleased with you.
You were starving.

You visited 2 branches of the dungeon, and saw 10 of its levels.

You collected 690 gold pieces.

Inventory:

Hand Weapons
 G - a +0 war axe of flaming (weapon)
 J - a +0 hand axe of venom
 K - a +1 hand axe of chopping
Armour
 e - a +0 large shield (worn)
 f - a +0 pair of boots of flying (worn)
 w - a +2 hat (worn)
 y - a +0 cloak (worn)
 L - a +3 plate armour (worn)
Jewellery
 k - a ring of poison resistance (left hand)
 q - an amulet of magic regeneration (around neck)
 u - an uncursed amulet of the gourmand
 E - a +1 ring of protection (right hand)
Wands
 z - a wand of flame (13)
 I - a wand of acid (1)
Scrolls
 b - 3 scrolls of immolation
 d - 5 scrolls of amnesia
 g - a scroll of noise {unknown}
 i - 7 scrolls of enchant weapon
 j - a scroll of enchant armour
 m - 5 scrolls of remove curse
 n - 5 scrolls of teleportation
 o - 2 scrolls of fog
 x - 2 scrolls of magic mapping
 D - 5 scrolls of identify
 F - a scroll of fear {unknown}
Potions
 h - 3 potions of might {unknown}
 l - 2 potions of brilliance {unknown}
 p - 7 potions of curing {unknown}
 r - 2 potions of flight {unknown}
 s - 2 potions of haste {unknown}
 t - a potion of invisibility {unknown}
 v - 2 potions of heal wounds {unknown}
 A - 3 potions of degeneration {unknown}
 C - a potion of ambrosia {unknown}
 H - 3 potions of agility {unknown}
Comestibles
 c - 15 rations


   Skills:
 + Level 6.6 Fighting
 + Level 10.2 Axes
 + Level 6.2 Armour
 + Level 4.9 Dodging
 + Level 2.0 Stealth
 + Level 7.5 Shields


You had 10 spell levels left.
You didn't know any spells.
Your spell library was empty.

Dungeon Overview and Level Annotations

Branches:
Dungeon (9/15)             Temple (0/1) D:7             Orc (1/2) D:9
   Lair: D:8-11

Altars:
Ashenzari
Dithmenos
Elyvilon
Fedhas
Gozag
Kikubaaqudgha
Makhleb
Nemelex Xobeh
Qazlal
Ru
Sif Muna
Trog
Uskayaw
Xom
Zin
Beogh

Shops:
D:4 (   D:9 }

Annotations:
Orc:1 Sonja


Innate Abilities, Weirdness & Mutations

You are mostly covered in yellow scales. (AC +3)
A weak demonic guardian rushes to your aid.
When hurt, damage is shared between your health and your magic reserves.
You regenerate magic rapidly.


Message History

The orc warlord freezes you.
* * * LOW HITPOINT WARNING * * *
The orc warlord blocks your attack.
The orc warlord is almost dead.
You block the orc warlord's attack. The orc warlord blocks your attack.
The orc warlord is almost dead.
The orc warlord blocks your attack.
The orc warlord is almost dead.
You are no longer berserk.
You are exhausted.
You feel yourself slow down. You block the orc warlord's attack.
The orc warlord hits your iron imp with a war axe of freezing!
The orc warlord freezes your iron imp.
Your iron imp dies!
Okay, then.
As you read the scroll of teleportation, it crumbles to dust.
You feel strangely unstable. You block the orc warlord's attack.
The orc warlord hits you with a war axe of freezing!!
You die...

........#..####...#####..#.......
........#..#....8....#+..#....#..
.§......#..#.........##..#....#..
.§§.#...#..#.........##..'....#..
.§§##...#..#.......[.##..######.)
§§###...#.....5.......#..#....#..
§####...#.............##'#....'..
.#..#####...8...o...8....#....#..
................@........######.(
.##'#.........[.......#.......#..
.#..#......#.........##.......'..
##..#...#..#.........##.......#..
(#..#...#..#.........##########..
........#..#....8....##..#....#..
'#..#####..####...#####..#....#..
.#......#..........#..#..'....'..
.#.....[#..........#..#..#....#..


You could see an orc warlord and a friendly iron imp.

Vanquished Creatures
  Pikel (D:6)
  A troll (D:9)
  A polar bear (D:8)
  Prince Ribbit (D:6)
  A yak (D:8)
  A hungry ghost (D:9)
  2 wargs (Orc:1)
  A sky beast (D:6)
  A hornet zombie (D:5)
  9 orc warriors
  2 ice beasts
  An eye of draining (D:9)
  A necrophage (D:9)
  A slave (D:6)
  2 ogres (Orc:1)
  2 phantoms
  3 wolves (D:8)
  A wyvern zombie (D:8)
  2 bullfrogs (D:7)
  A gnoll sergeant (D:9)
  2 scorpions
  7 killer bees
  6 wights
  3 troll zombies (D:9)
  An electric eel (D:8)
  A howler monkey (D:5)
  A bullfrog zombie (D:5)
  3 crimson imps (D:5)
  A jelly (D:6)
  A quasit (D:9)
  2 hounds
  A bullfrog skeleton (D:5)
  7 orc priests
  16 orc wizards
  A water moccasin simulacrum (D:8)
  4 centaur skeletons
  An iguana (D:9)
  4 worker ants
  2 bullfrog simulacra (D:8)
  5 ogre zombies (D:9)
  A hound skeleton (D:8)
  2 worker ant zombies (D:6)
  2 howler monkey skeletons
  10 gnolls
  9 adders
  A shadow imp (D:7)
  4 white imps (D:8)
  A worker ant simulacrum (D:8)
  4 ufetubi (D:8)
  An ooze (D:1)
  An adder zombie (D:6)
  4 worms
  A dart slug (D:2)
  4 leopard geckos
  38 orcs
  5 giant cockroaches
  6 goblins
  5 hobgoblins
  6 jackals
  5 quokkas
  A ball python (D:5)
  8 bats
  4 frilled lizards
  A goblin skeleton (D:9)
  4 goblin zombies (D:9)
  2 hobgoblin skeletons (D:9)
  2 hobgoblin zombies (D:9)
  5 kobolds
  A leopard gecko skeleton (D:4)
  A leopard gecko zombie (D:5)
  An orc skeleton (D:9)
  12 orc zombies (D:9)
  A quokka simulacrum (D:8)
  3 rats
260 creatures vanquished.

Vanquished Creatures (collateral kills)
  Urug (Orc:1)
  A cyclops (Orc:1)
  A troll (Orc:1)
  2 hungry ghosts
  A water moccasin (D:7)
  A sky beast (D:9)
  A wolf (D:8)
  A phantom (D:9)
  An ogre (D:7)
  A bullfrog (D:7)
  2 wights
  A killer bee (D:9)
  A howler monkey (D:4)
  A crimson imp (D:5)
  3 hounds
  3 orc wizards
  An orc priest (D:3)
  A gnoll (D:7)
  A shadow imp (D:6)
  8 orcs
  A jackal (D:6)
  A goblin skeleton (D:9)
  2 orc zombies (D:9)
  A quokka skeleton (D:4)
38 creatures vanquished.

Vanquished Creatures (others)
  An orc wizard (D:6)
  A jackal (D:6)
2 creatures vanquished.

Grand Total: 300 creatures vanquished

Notes
Turn   | Place    | Note
-------+----------+-------------------------------------------
     0 | D:1      | galech the Demonspawn Berserker began the quest for the
                  | Orb.
     0 | D:1      | Reached XP level 1. HP: 18/18 MP: 1/1
   178 | D:1      | Gained mutation: A weak demonic guardian rushes to your
                  | aid. [demonic ancestry]
   178 | D:1      | Reached XP level 2. HP: 21/24 MP: 2/2
   273 | D:1      | Reached skill level 3 in Axes
   627 | D:2      | Reached XP level 3. HP: 24/29 MP: 3/3
   636 | D:2      | Found a hide-covered altar of Uskayaw.
   780 | D:2      | Reached ** piety under Trog
   823 | D:2      | Found a burning altar of Makhleb.
   823 | D:2      | Found a glowing silver altar of Zin.
   824 | D:2      | Noticed an angel
   824 | D:2      | Noticed an Executioner
  1151 | D:3      | Reached skill level 1 in Shields
  1151 | D:3      | Reached XP level 4. HP: 11/35 MP: 4/4
  1735 | D:3      | Found a white marble altar of Elyvilon.
  1856 | D:3      | Gained mutation: You are partially covered in yellow
                  | scales. (AC +2) [demonic ancestry]
  1856 | D:3      | Reached XP level 5. HP: 41/41 MP: 5/5
  1893 | D:3      | Found a stormy altar of Qazlal.
  1954 | D:4      | Reached skill level 4 in Axes
  2053 | D:4      | Gained mutation: You are mostly covered in yellow scales.
                  | (AC +3) [demonic ancestry]
  2053 | D:4      | Reached XP level 6. HP: 48/48 MP: 6/6
  2058 | D:4      | Noticed a hungry ghost
  2071 | D:4      | Killed a hungry ghost
  2071 | D:4      | Reached *** piety under Trog
  2129 | D:4      | Reached skill level 5 in Axes
  2129 | D:4      | Gained mutation: When hurt, damage is shared between your
                  | health and your magic reserves. [demonic ancestry]
  2129 | D:4      | Reached XP level 7. HP: 49/54 MP: 7/7
  2428 | D:4      | Found Omeigiet's Weapon Boutique.
  2538 | D:5      | Entered Level 5 of the Dungeon
  3021 | D:5      | Received a gift from Trog
  3208 | D:5      | Found a snail-covered altar of Cheibriados.
  3210 | D:5      | Found a stormy altar of Qazlal.
  3210 | D:5      | Found an ancient bone altar of Kikubaaqudgha.
  3220 | D:5      | Found an ancient bone altar of Kikubaaqudgha.
  3220 | D:5      | Found a shimmering altar of Xom.
  3220 | D:5      | Found an opulent altar of Gozag.
  3472 | D:5      | Found a sparkling altar of Nemelex Xobeh.
  3527 | D:5      | Reached XP level 8. HP: 55/61 MP: 8/8
  3572 | D:5      | Found a shattered altar of Ashenzari.
  3837 | D:5      | Found a deep blue altar of Sif Muna.
  3998 | D:5      | Reached skill level 6 in Axes
  4128 | D:6      | Noticed Pikel
  4162 | D:6      | Killed Pikel
  4348 | D:6      | Noticed Prince Ribbit
  4370 | D:6      | Killed Prince Ribbit
  4370 | D:6      | Reached skill level 5 in Fighting
  4433 | D:6      | Gained mutation: You regenerate magic rapidly. [demonic
                  | ancestry]
  4433 | D:6      | Reached XP level 9. HP: 51/68 MP: 9/9
  4435 | D:6      | Reached skill level 5 in Shields
  4459 | D:6      | Reached skill level 7 in Axes
  4632 | D:6      | Reached skill level 1 in Stealth
  5000 | D:7      | Found a staircase to the Ecumenical Temple.
  5288 | D:7      | Reached **** piety under Trog
  5671 | D:7      | Found a sacrificial altar of Ru.
  6265 | D:8      | Found a blossoming altar of Fedhas.
  6272 | D:8      | Reached skill level 8 in Axes
  6272 | D:8      | Reached skill level 5 in Armour
  6845 | D:8      | Found an opulent altar of Gozag.
  7115 | D:8      | Noticed a polar bear
  7146 | D:8      | Killed a polar bear
  7146 | D:8      | Reached XP level 10. HP: 13/76 MP: 6/10
  7611 | D:9      | Found Zexaism's Gadget Boutique.
  7649 | D:9      | Found a staircase to the Orcish Mines.
  7733 | D:9      | Reached skill level 9 in Axes
  7770 | D:9      | Found a shadowy altar of Dithmenos.
  7861 | D:9      | Reached ***** piety under Trog
  7899 | D:9      | Found a bloodstained altar of Trog.
  8909 | Orc:1    | Entered Level 1 of the Orcish Mines
  8909 | Orc:1    | Noticed Urug
  8917 | Orc:1    | Noticed a cyclops
  8931 | Orc:1    | Killed Urug
  8932 | Orc:1    | Killed a cyclops
  9207 | Orc:1    | Reached skill level 10 in Axes
  9208 | Orc:1    | Found a roughly hewn altar of Beogh.
  9519 | Orc:1    | Reached XP level 11. HP: 83/83 MP: 11/11
  9666 | Orc:1    | Noticed Sonja
  9830 | Orc:1    | Noticed an orc warlord
  9846 | Orc:1    | Noticed an orc sorcerer
  9910 | D:9      | Slain by an orc warlord

Vault maps used:
D:1:      minmay_arrival_glassed_features, serial_bayou_pond_e
D:2:      grunt_temple_overflow_order_and_chaos_2, overflow_temple_1_default
D:3:      lemuel_coloured_pillars_altar, elyvilon_altar_3
D:4:      cheibrodos_old_hovel, serial_shops, shop, minmay_cupped
D:5:      lemuel_blue_sif_altar, nicolae_ashenzari_panopticon,
          doesnt_xom_only_xom, nemelex_xobeh_ov_fountains_minmay, first_ration,
          kennysheep_generic_room_6
D:6:      kennysheep_generic_room_11, uniq_prince_ribbit1, uniq_pikel
D:7:      nicolae_ru_the_path_less_chosen, minmay_temple_entry_statues_pillars,
          grunt_ogre_cave
D:8:      kennysheep_little_box, lemuel_crystal_altar, serial_ice, serial_ice_a,
          serial_ice_d, serial_ice_o, serial_ice_b, serial_ice_c, serial_ice_h,
          serial_ice_i, serial_ice_m, serial_ice_n, serial_ice_f
D:9:      bloody_trog, nicolae_dithmenos_the_darkroom, zombieorc2_lemuel,
          serial_shops, shop
Orc:1:    minmay_orc_temple_a, uniq_urug, uniq_sonja, uniq_maurice

Skill      XL: |  1  2  3  4  5  6  7  8  9 10 |
---------------+-------------------------------+-----
Dodging        | 2 3 4 |  4.9
Axes           | 3 4 5 6 8 10 | 10.2
Armour         | 2 3 4 5 6 |  6.2
Shields        | 1 2 3 4 6 7 |  7.5
Fighting       | 4 5 6 |  6.6
Stealth        | 1 2 |  2.0

Action                   |  1- 3 |  4- 6 |  7- 9 | 10-12 || total
-------------------------+-------+-------+-------+-------++-------
Melee: Hand axe          |   111 |   139 |   349 |    16 ||   615
       War axe           |       |       |   234 |   340 ||   574
Invok: Berserk           |     1 |     2 |     9 |     7 ||    19
       Trog's Hand       |       |       |     4 |     5 ||     9
       Brothers in Arms  |       |       |       |     1 ||     1
 Abil: Stop Flying       |       |       |       |     1 ||     1
  Use: Scroll            |       |       |     9 |     1 ||    10
 Stab: Distracted        |       |     1 |     4 |     3 ||     8
  Eat: Chunk             |     1 |    18 |    13 |    16 ||    48
       Ration            |       |       |     2 |     2 ||     4
Armor: Ring mail         |    52 |    61 |   188 |       ||   301
       Plate armour      |       |       |    19 |   192 ||   211
Dodge: Dodged            |    29 |    35 |   141 |    44 ||   249
Block: Large shield      |    78 |    84 |   451 |   308 ||   921

Table legend:
 A = Non-vault XP
 B = Vault XP
 C = Vault XP percentage of total XP
 D = Non-vault monster count
 E = Vault monster count
 F = Vault count percentage of total count
                 A         B        C        D         E       F
            +---------+---------+-------+---------+---------+-------
      Total |    7514 |    3889 |  34.1 |     226 |      72 |  24.2
            +---------+---------+-------+---------+---------+-------
        D:1 |      29 |       0 |   0.0 |      16 |       0 |   0.0
        D:2 |      39 |       0 |   0.0 |      14 |       0 |   0.0
        D:3 |     193 |       0 |   0.0 |      22 |       0 |   0.0
        D:4 |     503 |      36 |   6.7 |      20 |       2 |   9.1
        D:5 |     743 |     169 |  18.5 |      31 |       2 |   6.1
        D:6 |     553 |    1002 |  64.4 |      20 |       3 |  13.0
        D:7 |     753 |     109 |  12.6 |      23 |       1 |   4.2
        D:8 |     516 |    1086 |  67.8 |      12 |      20 |  62.5
        D:9 |    1651 |     727 |  30.6 |      30 |      36 |  54.5
      Orc:1 |    2534 |     760 |  23.1 |      38 |       8 |  17.4
            +---------+---------+-------+---------+---------+-------
